 Dungeon Crawl Stone Soup version 0.20.0-9-g8272e65 (webtiles) character file.

373 Darkell the Chiller (level 6, -2/41 HPs)
             Began as a Demonspawn Ice Elementalist on June 3, 2017.
             Slain by an orc priest
             ... wielding a +0 whip
              (10 damage)
             ... on level 4 of the Dungeon.
             The game lasted 00:05:09 (3855 turns).

Darkell the Chiller (Demonspawn Ice Elementalist)   Turns: 3855, Time: 00:05:09

Health: -2/41      AC:  5    Str:  8    XL:     6   Next: 43%
Magic:  0/9        EV: 12    Int: 19    God:
Gold:   168        SH:  0    Dex: 13    Spells: 5/9 levels left

rFire    . . .     SeeInvis .   s - +3 quarterstaff (chaos)
rCold    . . .     Gourm    .   (shield currently unavailable)
rNeg     . . .     Faith    .   a - +0 robe
rPois    .         Spirit   +   (no helmet)
rElec    .         Reflect  .   t - +0 cloak
rCorr    .         Harm     +   (no gloves)
MR       .....                  (no boots)
Stlth    ++........             d - amulet of harm
Regen    0.2/turn               (no ring)
MPRegen  0.2/turn               (no ring)

@: drained
A: claws 1, molten scales 1, magic shield, rot immunity
a: no special abilities


You were on level 4 of the Dungeon.
You were not hungry.

You visited 1 branch of the dungeon, and saw 4 of its levels.

You collected 168 gold pieces.

Inventory:

Hand Weapons
 i - a +0 short sword
 s - a +3 quarterstaff of chaos (weapon)
Armour
 a - a +0 robe (worn)
 t - a +0 cloak (worn)
Jewellery
 d - an amulet of harm (around neck)
Wands
 f - a wand of polymorph (21/24)
 o - a wand of scattershot (2/9)
Scrolls
 e - a scroll of noise {unknown}
 h - a scroll of identify {unknown}
 m - 2 scrolls of teleportation {unknown}
 n - a scroll of amnesia {unknown}
Potions
 g - a potion of flight
 j - a potion of might
 k - a potion of curing
 p - a potion of cancellation {unknown}
 q - a potion of agility {unknown}
 u - a potion of lignification {unknown}
Books
 b - a book of Frost

   Spells                             Type                      Level
   a - Freeze                         Ice                          1
   b - Throw Frost                    Conjuration/Ice              2
   c - Ozocubu's Armour               Charms/Ice                   3
   d - Throw Icicle                   Conjuration/Ice              4
   e - Summon Ice Beast               Ice/Summoning                4
Comestibles
 c - 4 bread rations
 l - 2 royal jellies
 r - a chunk of flesh


   Skills:
 - Level 1.7 Dodging
 - Level 1.7 Stealth
 - Level 2.0(1.9) Spellcasting
   Level 1.0(0.9) Conjurations
 + Level 6.7(6.6) Ice Magic


You had 5 spell levels left.
You knew the following spells:

 Your Spells              Type           Power        Failure   Level  Hunger
a - Freeze                Ice            ####         1%          1    #......
b - Ozocubu's Armour      Chrm/Ice       ##......     13%         3    ###....


Dungeon Overview and Level Annotations

Branches:
Dungeon (4/15)
 Temple: D:4-7

Altars:
The Shining One


Innate Abilities, Weirdness & Mutations

You have sharp fingernails.
You are partially covered in molten scales. (AC +2)
When hurt, damage is shared between your health and your magic reserves.
You are immune to rotting.


Message History

You climb upwards.
The orc priest shouts!
An orc and an orc priest come into view.
The orc shouts!
The orc priest mumbles some strange prayers to Beogh against you.
You barely resist.
The orc throws a tomahawk.
The tomahawk misses you.
There is a stone staircase leading down here.
The orc misses you.
The orc throws a tomahawk.
The tomahawk hits you but does no damage.
The orc priest mumbles some strange prayers to Beogh against you.
Beogh smites you!
* * * LOW HITPOINT WARNING * * *
You climb downwards.
The orc wizard casts a spell at you. The magic dart hits you!
* * * LOW HITPOINT WARNING * * *
There is a stone staircase leading up here.
It was a potion of curing.
You feel better. The orc barely misses you.
The orc priest hits you with a whip!
You die...

#....# ###
#....######+## ...
###......%...# ...
#..........# ..
#..........+
+..........#
#.........)#####
#.....o.o.)......
#....o@..........
.....####+##......
..... ...... ....
...... +###.


You could see an orc priest, an orc wizard and an orc.

Vanquished Creatures
  A hound (D:4)
  Crazy Yiuf (D:3)
  An orc wizard (D:4)
  Ijyb (D:3)
  Natasha (thrice) (D:2)
  Robin (D:3)
  6 adders
  An ooze (D:3)
  4 worms
  A dart slug (D:1)
  3 leopard geckos
  9 orcs
  3 giant cockroaches
  15 goblins
  11 hobgoblins
  2 jackals (D:1)
  A quokka (D:2)
  2 ball pythons
  13 bats
  2 frilled lizards
  10 kobolds
  6 rats
97 creatures vanquished.

Notes
Turn   | Place    | Note
-------+----------+-------------------------------------------
     0 | D:1      | Darkell the Demonspawn Ice Elementalist began the quest for the Orb.
     0 | D:1      | Reached XP level 1. HP: 13/13 MP: 3/3
   109 | D:1      | Reached skill level 3 in Ice Magic
   387 | D:1      | Gained mutation: You are immune to rotting. [demonic ancestry]
   387 | D:1      | Reached XP level 2. HP: 19/19 MP: 3/5
   995 | D:2      | Reached XP level 3. HP: 16/24 MP: 0/6
  1111 | D:2      | Reached skill level 4 in Ice Magic
  1299 | D:2      | Learned a level 3 spell: Ozocubu's Armour
  1597 | D:2      | Noticed Natasha
  1600 | D:2      | Gained mutation: When hurt, damage is shared between your health and your magic reserves. [demonic ancestry]
  1600 | D:2      | Reached XP level 4. HP: 26/30 MP: 4/7
  1602 | D:2      | Killed Natasha
  1819 | D:2      | Noticed Natasha
  1822 | D:2      | Killed Natasha
  1822 | D:2      | Reached skill level 5 in Ice Magic
  1986 | D:2      | Noticed Natasha
  2014 | D:2      | HP: 1/30 [Natasha/magic dart (5)]
  2028 | D:2      | Killed Natasha
  2028 | D:2      | Gained mutation: You have sharp fingernails. [demonic ancestry]
  2028 | D:2      | Reached XP level 5. HP: 31/35 MP: 5/8
  2490 | D:3      | Found a glowing golden altar of the Shining One.
  2503 | D:3      | Noticed Robin
  2595 | D:3      | Found a runed door.
  2763 | D:3      | Killed Robin
  2823 | D:3      | Reached skill level 6 in Ice Magic
  3302 | D:3      | Noticed Ijyb
  3317 | D:3      | Killed Ijyb
  3317 | D:3      | Gained mutation: You are partially covered in molten scales. (AC +2) [demonic ancestry]
  3317 | D:3      | Reached XP level 6. HP: 39/41 MP: 2/9
  3396 | D:3      | Noticed Crazy Yiuf
  3402 | D:3      | Killed Crazy Yiuf
  3855 | D:4      | Slain by an orc priest

Skill      XL: |  1  2  3  4  5 |
---------------+----------------+-----
Ice Magic      | 3 4 5 6 |  6.7
Dodging        | |  1.7
Stealth        | |  1.7
Spellcasting   | |  2.0
Conjurations   | |  1.0

Action                   |  1- 3 |  4- 6 || total
-------------------------+-------+-------++-------
Melee: Unarmed           |     8 |       ||     8
       Short sword       |    15 |    23 ||    38
       Quarterstaff      |       |     2 ||     2
 Cast: Freeze            |    62 |    98 ||   160
       Ozocubu's Armour  |       |     1 ||     1
  Use: Potion            |       |     5 ||     5
  Eat: Chunk             |     2 |     9 ||    11
Armor: Robe              |    22 |    16 ||    38
Dodge: Dodged            |    59 |    93 ||   152
